 Dungeon Crawl Stone Soup version 0.17.1-1-g73c8601 (webtiles) character file.

131 Mysteryquy the Magician (level 5, 0/31 HPs)
             Began as an Octopode Wizard on Jan 7, 2016.
             Slain by a bat (1 damage)
             ... on level 3 of the Dungeon.
             The game lasted 00:03:34 (3058 turns).

Mysteryquy the Magician (Octopode Wizard)           Turns: 3058, Time: 00:03:34

Health: 0/31       AC:  1    Str:  6    XL:     5   Next: 14%
Magic:  4/11       EV: 12    Int: 22    God:
Gold:   125        SH:  0    Dex: 10    Spells: 2 memorised, 9 levels left

rFire  . . .     SeeInvis .     (no weapon)
rCold  . . .     Clarity  .     (no shield)
rNeg   . . .     SustAt   .     a - +0 hat
rPois  .         Gourm    .     (no amulet)
rElec  .         Spirit   .     (no ring)
rCorr  .         Warding  .     (no ring)
rMut   .         Stasis   .     (no ring)
MR     .....                    (no ring)
Stlth  +++.......               (no ring)
                                (no ring)
                                (no ring)
                                (no ring)

@: not resistant to hostile enchantments, fairly stealthy
A: almost no armour, amphibious, 8 rings, constrict 8, camouflage 1, gelatinous
body 1
a: no special abilities


You were on level 3 of the Dungeon.
You were not hungry.

You visited 1 branch of the dungeon, and saw 3 of its levels.

You collected 125 gold pieces.

Inventory:

Armour
 a - a +0 hat (worn)
Jewellery
 l - an uncursed ring of fire {unknown}
Scrolls
 d - 4 scrolls of remove curse {unknown}
 e - 2 scrolls of recharging {unknown}
 i - 2 scrolls of teleportation {unknown}
 p - a scroll of fog {unknown}
 q - a scroll of random uselessness {unknown}
 r - 3 scrolls of identify {unknown}
Potions
 f - a potion of cancellation {unknown}
 h - a potion of brilliance {unknown}
 j - 3 potions of curing {unknown}
 n - a potion of mutation {unknown}
Books
 b - a book of Minor Magic

   Spells                             Type                      Level
   a - Magic Dart                     Conjuration                  1
   b - Blink                          Translocation                2
   c - Call Imp                       Summoning                    2
   d - Repel Missiles                 Charms/Air                   2
   e - Slow                           Hexes                        2
   f - Conjure Flame                  Conjuration/Fire             3
   g - Mephitic Cloud                 Conjuration/Poison/Air       3
Comestibles
 c - 2 bread rations
 g - 3 meat rations
 k - a slice of pizza
 m - 4 fruits
 o - a beef jerky


   Skills:
 - Level 2.0 Dodging
 - Level 2.6 Stealth
 + Level 4.2 Spellcasting
 + Level 3.5 Conjurations
 - Level 1.0 Summonings
   Level 1.0 Translocations


You had 9 spell levels left.
You knew the following spells:

 Your Spells              Type           Power        Failure   Level  Hunger
a - Magic Dart            Conj           ###.         2%          1    None
b - Call Imp              Summ           #.......     12%         2    #......


Dungeon Overview and Level Annotations

Branches:
Dungeon (3/15)

Altars:

Annotations:
D:3 Steforg's ghost, amateur DsNe


Innate Abilities, Weirdness & Mutations

You cannot wear most types of armour.
You are amphibious.
You can wear up to eight rings at the same time.
You can use your tentacles to constrict eight enemies at once.
Your skin changes colour to match your surroundings (Stealth).
Your rubbery body absorbs attacks (AC +1).


Message History

A goblin comes into view. It is wielding a club.
The goblin shouts!
There is an open door here.
The bat hits you but does no damage. The bat hits you but does no damage.
Steforg's ghost shrieks, "I have seen your future, and it is all used up."
The bat hits you but does no damage. The goblin hits you with a club.
* * * LOW HITPOINT WARNING * * *
The bat hits you but does no damage.
You open the door. The bat hits you but does no damage.
The goblin hits you but does no damage. The bat barely misses you.
There is an open door here.
The bat barely misses you.
Steforg's ghost shrieks, "I have seen your future, and it is all used up."
The bat hits you.
* * * LOW HITPOINT WARNING * * *
The bat hits you.
You die...

### ..# #.# #.# #.# #.#
#@# #b# #.# #....##
#######g#### #......
#...[..W...# #......
##..........# #......
+...........# #......
#...........# #......
#.######'##########......


You could see Steforg's ghost, a goblin and a bat.

Vanquished Creatures
  Jessica (D:2)
  2 adders
  An ooze (D:1)
  A worm (D:2)
  An orc (D:3)
  4 bats
  5 hobgoblins
  10 kobolds
  A ball python (D:1)
  3 giant cockroaches (D:2)
  4 giant newts
  5 goblins (D:1)
  7 jackals
  6 rats
51 creatures vanquished.

Vanquished Creatures (collateral kills)
  Ijyb (D:2)
  A kobold (D:2)
2 creatures vanquished.

Grand Total: 53 creatures vanquished

Notes
Turn   | Place    | Note
--------------------------------------------------------------
     0 | D:1      | Mysteryquy the Octopode Wizard began the quest for the Orb.
     0 | D:1      | Reached XP level 1. HP: 11/11 MP: 4/4
   192 | D:1      | Reached XP level 2. HP: 17/17 MP: 4/6
   721 | D:1      | Reached XP level 3. HP: 1/21 MP: 0/7
  1924 | D:2      | Noticed Jessica
  1930 | D:2      | Killed Jessica
  1930 | D:2      | Reached XP level 4. HP: 27/27 MP: 2/9
  2191 | D:2      | Learned a level 2 spell: Call Imp
  2333 | D:2      | Noticed Ijyb
  2346 | D:2      | Killed Ijyb
  2346 | D:2      | Reached skill level 4 in Spellcasting
  2615 | D:2      | Reached XP level 5. HP: 31/31 MP: 7/11
  2999 | D:3      | Noticed Steforg's ghost (amateur DsNe)
  3057 | D:3      | HP: 1/31 [bat (1)]
  3058 | D:3      | Slain by a bat

Action                   |  1- 3 |  4- 6 || total
-------------------------+-------+-------++-------
Melee: Unarmed           |    22 |    12 ||    34
 Cast: Magic Dart        |    71 |    49 ||   120
       Call Imp          |       |     7 ||     7
 Stab: Sleeping          |     1 |       ||     1
  Eat: Chunk             |     3 |     3 ||     6
